 Dungeon Crawl Stone Soup version 0.29.1-1-gd02db6906a (webtiles) character file.

Game seed: 4657888161382787503

180 Icepheonix32 the Changer (level 5, -1/38 HPs)
             Began as a Merfolk Transmuter on Oct 3, 2022.
             Killed from afar by Ijyb (9 damage)
             ... with a puff of flame
             ... on level 3 of the Dungeon.
             The game lasted 00:06:07 (4192 turns).

Icepheonix32 the Changer (Merfolk Transmuter)       Turns: 4192, Time: 00:06:07

Health: -1/38      AC:  2    Str:  8    XL:     5   Next: 60%
Magic:  6/9        EV: 21    Int: 15    God:
Gold:   141        SH:  0    Dex: 19    Spells: 2/9 levels left

rFire   . . .      SeeInvis .     - Unarmed
rCold   . . .      Faith    .   (shield currently unavailable)
rNeg    . . .      Spirit   .   (body armour currently unavailable)
rPois   x          Reflect  .   (helmet currently unavailable)
rElec   .          Harm     .   (cloak currently unavailable)
rCorr   .          Rampage  .   (gloves currently unavailable)
Will    .....                   (boots currently unavailable)
Stlth   ++........              (no amulet)
HPRegen 0.12/turn               (no ring)
MPRegen 0.11/turn               (no ring)

@: spider-form
A: venomous fangs, tiny, (nimble swimmer 2), (mertail), weak 1
a: End Transformation


You were on level 3 of the Dungeon.
You were a venomous arachnid creature.
You visited 1 branch of the dungeon, and saw 3 of its levels.

You collected 141 gold pieces.

Inventory:

Armour
 a - a +0 robe (melded)
 h - a scarf of repulsion (melded)
Wands
 b - a wand of paralysis (8)
Scrolls
 c - a scroll of immolation
 j - 2 scrolls of magic mapping
 l - a scroll of blinking
Potions
 d - a potion of might
 f - a potion of lignification
 g - a potion of heal wounds
 i - a potion of curing


   Skills:
 + Level 1.8 Fighting
 + Level 3.3 Dodging
 + Level 1.2 Stealth
 + Level 4.4 Unarmed Combat
 + Level 2.9 Spellcasting
 * Level 4.5 Transmutations


You had 2 spell levels left.
You knew the following spells:

 Your Spells              Type           Power      Damage    Failure   Level
a - Beastly Appendage     Tmut           30%        N/A       11%         1
b - Wereblood             Tmut           15%        N/A       14%         2
c - Spider Form           Tmut/Pois      9%         N/A       45%         3
d - Sting                 Tmut/Pois      36%        1d4       21%         1

Your spell library contained the following spells:

 Spells                   Type           Power      Damage    Failure   Level
 Blink                    Tloc           4%         N/A       52%         2
 Poisonous Vapours        Pois/Air       4%         N/A       52%         2
 Gell's Gravitas          Tloc           2%         N/A       73%         3
 Lesser Beckoning         Tloc           2%         N/A       73%         3
 Teleport Other           Tloc           2%         N/A       73%         3
 Ice Form                 Ice/Tmut       9%         N/A       80%         4
 Olgreb's Toxic Radiance  Pois           2%         N/A       97%         4
 Freezing Cloud           Conj/Ice/Air   1%         6-21      100%        5
 Manifold Assault         Tloc           2%         N/A       100%        5
 Simulacrum               Ice/Necr       1%         N/A       100%        6
 Polar Vortex             Ice            1%         N/A       100%        9


Dungeon Overview and Level Annotations

Branches:
Dungeon (3/15)

Altars:
Xom

Shops:
D:1 :

Annotations:
D:3 Ijyb


Innate Abilities, Weirdness & Mutations

You are a venomous arachnid creature.
You have poisonous fangs.
You are tiny and dextrous.
Your spellcasting is less reliable in this form.
Your armour is entirely melded.
You are incapable of wielding weapons or throwing items.
((You are very nimble when in or above water. (Stealth+, EV+, Speed+++)))
((Your lower body shifts to a powerful aquatic tail in water.))
You are weak. (Str -2)


Message History

Ijyb shouts!
Your transformation is almost over.
Ijyb hits you with a +0 club.
You closely miss Ijyb. Your headbutt misses Ijyb. Ijyb hits you with a +0 club.
You hit Ijyb.
Ijyb is lightly wounded.
Ijyb zaps a wand.
The puff of flame is repelled.
You barely miss Ijyb.
Ijyb is lightly wounded.
You completely miss Ijyb.
Ijyb is lightly wounded.
Ijyb hits you with a +0 club.
You closely miss Ijyb.
Ijyb is lightly wounded.
Ijyb hits you with a +0 club.
You hit Ijyb.
Ijyb is lightly wounded.
Ijyb hits you but does no damage.
You hit Ijyb but do no damage. You headbutt Ijyb, but do no damage.
Ijyb is lightly wounded.
Ijyb hits you with a +0 club.
You hit Ijyb.
Ijyb is moderately wounded.
Your horns disappear.
Ijyb screams, "I dance on your bones!"
Ijyb zaps a wand.
The puff of flame is repelled.
You closely miss Ijyb.
Ijyb is moderately wounded.
Ijyb zaps a wand.
The puff of flame hits you!
* * * LOW HITPOINT WARNING * * *
You are too injured to fight recklessly!
Casting: Beastly Appendage (safe; 3% risk of failure)
Confirm with . or Enter, or press ? or * to list all spells.
The spell is quite dangerous to miscast (24% risk of failure)!
Continue anyway?
You turn into a venomous arachnid creature.
Your scarf of repulsion melds into your body.
Your +0 robe melds into your body.
The haze of the repulsion field disappears.
Ijyb zaps a wand.
The puff of flame hits you!
You die...

#≈.≈####≈. #≈.##
##. ####≈.# #.
...##§§# #.
....#§.## ##.
.....#≈.≈####≈. ##
#.....#≈........
#.#
##g....##≈≈≈≈≈≈≈≈≈
#.###s#
##############
#.#.## #.....# #..
#.#####.###.# #..
#....##.# #.# #..
####.##.# #.# #..
#.##.###.######..
#.##..<..........
#.##..########...
#.##..# ##.##...


You could see Ijyb.

Vanquished Creatures
  An orc priest (D:3)
  Terence (D:2)
  Robin (D:3)
  4 adders
  2 worms (D:2)
  A dart slug (D:2)
  3 orcs (D:3)
  6 endoplasms
  2 giant cockroaches
  11 goblins
  6 hobgoblins
  4 kobolds
  4 quokkas
  8 ball pythons
  5 bats
  A frilled lizard (D:2)
  7 rats
67 creatures vanquished.

Notes
Turn   | Place    | Note
-------+----------+-------------------------------------------
     0 | D:1      | Icepheonix32 the Merfolk Transmuter began the quest for the
                  | Orb.
     0 | D:1      | Reached XP level 1. HP: 15/15 MP: 3/3
   117 | D:1      | Reached XP level 2. HP: 13/21 MP: 3/5
  1078 | D:1      | Found Laacin's Book Shop.
  1540 | D:1      | Learned a level 2 spell: Wereblood
  1546 | D:2      | Reached XP level 3. HP: 21/26 MP: 3/6
  1664 | D:2      | Learned a level 3 spell: Spider Form
  1717 | D:2      | Noticed Terence
  1731 | D:2      | Killed Terence
  2092 | D:2      | Found a faded altar of an unknown god.
  2196 | D:2      | Reached XP level 4. HP: 29/32 MP: 5/7
  2424 | D:2      | HP: 1/32 [worm (8)]
  3076 | D:2      | Gained mutation: You are weak. (Str -2) [potion of
                  | mutation]
  3185 | D:3      | Reached skill level 1 in Stealth
  3200 | D:3      | Noticed Robin
  3519 | D:3      | Killed Robin
  3520 | D:3      | Reached XP level 5. HP: 36/38 MP: 7/9
  3756 | D:3      | Learned a level 1 spell: Sting
  4109 | D:3      | Found a shimmering altar of Xom.
  4178 | D:3      | Noticed Ijyb
  4192 | D:3      | Killed from afar by Ijyb

Illustrated notes

Levels and vault maps discovered:
D:1:      dpeg_arrival_simpleton_c, layout_basic, serial_shops,
          nicolae_square_shop, kennysheep_small_spiral, kennysheep_another_room,
          minmay_indecisive_spiral
D:2:      wad_pebble_path, layout_basic, ebering_ecumenical_altar_rust,
          uniq_terence
D:3:      layout_loops_ring, mainiacjoe_overflow_cross_hatched,
          grunt_decor_fettered, kennysheep_pointless_box, uniq_robin, uniq_ijyb

Skill      XL: |  1  2  3  4 |
---------------+-------------+-----
Transmutations | 3 4 |  4.5
Dodging        | 3 |  3.3
Unarmed Combat | 4 |  4.4
Stealth        | 1 |  1.2
Fighting       | |  1.8
Spellcasting   | |  2.9

Action                   |  1- 3 |  4- 6 || total
-------------------------+-------+-------++-------
Melee: Unarmed           |    79 |   119 ||   198
       Headbutt          |     9 |    18 ||    27
       Punch             |     1 |     1 ||     2
 Cast: Beastly Appendage |    22 |    17 ||    39
       Wereblood         |       |     2 ||     2
       Spider Form       |       |     3 ||     3
       Sting             |       |    11 ||    11
  Use: Potion            |     1 |     6 ||     7
       Scroll            |       |     9 ||     9
 Stab: Sleeping          |     1 |     1 ||     2
Armor: Robe              |    11 |    18 ||    29
       Skin              |     9 |       ||     9
Dodge: Dodged            |    42 |    94 ||   136
       Repelled          |       |     2 ||     2
